 Dungeon Crawl Stone Soup version 0.19.0-2-gae57169 (webtiles) character file.

36 Drunkenshrew the Charmwright (level 3, 0/30 HPs)
             Began as a Draconian Skald on Nov 3, 2016.
             Slain by Natasha (6 damage)
             ... on level 2 of the Dungeon.
             The game lasted 00:02:13 (914 turns).

Drunkenshrew the Charmwright (Draconian Skald)       Turns: 914, Time: 00:02:14

Health: 0/30       AC:  5    Str: 14    XL:     3   Next: 19%
Magic:  14/15      EV: 12    Int: 13    God:
Gold:   78         SH:  0    Dex: 10    Spells: 2 memorised, 2 levels left

rFire  . . .     SeeInvis .     a - +0 hand axe
rCold  . . .     Gourm    .     (armour unavailable)
rNeg   . . .     Faith    .     (no shield)
rPois  .         Spirit   .     (helmet restricted)
rElec  .         Reflect  .     (no cloak)
rCorr  .         Harm     .     (no gloves)
MR     .....                    (no boots)
Stlth  +.........               (no amulet)
                                (no ring)
                                d - ring of magical power

@: infused, slowed, very slow
A: unfitting armour, cold-blooded, AC +5
a: no special abilities


You were on level 2 of the Dungeon.
You were not hungry.

You visited 1 branch of the dungeon, and saw 2 of its levels.

You collected 78 gold pieces.

Inventory:

Hand Weapons
 a - a +0 hand axe (weapon)
Jewellery
 d - a ring of magical power (left hand)
Scrolls
 e - 2 scrolls of identify {unknown}
 g - a scroll of amnesia {unknown}
 h - a scroll of fear {unknown}
 i - a scroll of remove curse {unknown}
 k - a scroll of random uselessness {unknown}
Potions
 j - a potion of cancellation {unknown}
 l - a potion of curing {unknown}
Books
 b - a book of Battle

   Spells                             Type                      Level
   a - Infusion                       Charms                       1
   b - Shroud of Golubria             Charms/Translocation         2
   c - Song of Slaying                Charms                       2
   d - Spectral Weapon                Hexes/Charms                 3
   e - Regeneration                   Charms/Necromancy            3
Comestibles
 c - a bread ration
 f - 5 chunks of flesh


   Skills:
 - Level 2.4 Fighting
 - Level 2.3 Axes
 - Level 2.0 Dodging
 - Level 2.3 Spellcasting
 + Level 2.9 Charms


You had 2 spell levels left.
You knew the following spells:

 Your Spells              Type           Power        Failure   Level  Hunger
a - Infusion              Chrm           #...         10%         1    #......
b - Regeneration          Chrm/Necr      #.........   38%         3    ###....


Dungeon Overview and Level Annotations

Branches:
Dungeon (2/15)

Altars:

Annotations:
D:2 Natasha


Innate Abilities, Weirdness & Mutations

Your plain brown scales are hard. (AC +5)
You cannot fit into any form of body armour.
You are cold-blooded and may be slowed by cold attacks.


Message History

Natasha barely misses you.
Found 3 scrolls labeled FUTEZUOCITS.
You barely miss Natasha.
Your tail-slap misses Natasha.
Natasha claws you!
* * * LOW HITPOINT WARNING * * *
Natasha barely misses you.
You are too injured to fight recklessly!
You are too injured to fight recklessly!
You are too injured to fight recklessly!
You are too injured to fight recklessly!
You are too injured to fight recklessly!
You are too injured to fight recklessly!
You hit Natasha.
Your tail-slap misses Natasha.
Natasha is moderately wounded.
Natasha stares at you and mumbles some strange words.
You feel as though you will be slow longer.
Natasha claws you but does no damage.
You barely miss Natasha.
Natasha is moderately wounded.
Natasha claws you.
You die...

..... #.?# #....[....
....... #.. ##.#.......
.......## #.##..........
........###.....##......
.........###..####......
.........###..# #....<.
?.............# #..###.
.........†....####.## #.
......h@...........# #.
.......#####.#.(##.####.
....... .............
....... ..###.#..####
####### ..# #.#..## #
#.## #.#...# #
#.####...#....
#.#...........
#######.#...........


You could see Natasha.

Vanquished Creatures
  An adder (D:2)
  A bat (D:1)
  3 goblins
  5 hobgoblins
  4 jackals (D:1)
  13 rats (D:1)
27 creatures vanquished.

Notes
Turn   | Place    | Note
-------+----------+-------------------------------------------
     0 | D:1      | Drunkenshrew the Draconian Skald began the quest for the Orb.
     0 | D:1      | Reached XP level 1. HP: 17/17 MP: 3/3
   202 | D:1      | Reached XP level 2. HP: 23/25 MP: 5/5
   874 | D:2      | Reached XP level 3. HP: 11/30 MP: 6/6
   890 | D:2      | Learned a level 3 spell: Regeneration
   908 | D:2      | Noticed Natasha
   914 | D:2      | Slain by Natasha

Skill      XL: |  1  2 |
---------------+-------+-----
Dodging        | 2 |  2.0
Fighting       | |  2.4
Axes           | |  2.3
Spellcasting   | |  2.3
Charms         | |  2.9

Action                   || total
-------------------------++-------
Melee: Hand axe          ||    73
       Tailslap          ||     5
 Cast: Infusion          ||     7
Armor: Skin              ||    21
Dodge: Dodged            ||    32
